 Dungeon Crawl Stone Soup version 0.29-a0-1065-g47a6bb87d6 (webtiles) character file.

Game seed: 10858498922251396252

1 nickcage the Cudgeller (level 1, 0/18 HPs)
             Began as a Minotaur Gladiator on Aug 18, 2022.
             Frozen to death by an endoplasm (1 damage)
             ... on level 1 of the Dungeon.
             The game lasted 00:00:13 (44 turns).

nickcage the Cudgeller (Minotaur Gladiator)           Turns: 44, Time: 00:00:13

Health: 0/18       AC:  3    Str: 18    XL:     1   Next: 16%
Magic:  0/0        EV: 12    Int:  5    God:
Gold:   0          SH:  0    Dex: 11    Spells: 0/0 levels left

rFire   . . .      SeeInvis .   a - +0 flail
rCold   . . .      Faith    .   (no shield)
rNeg    . . .      Spirit   .   b - +0 leather armour
rPois   .          Reflect  .   c - +0 hat
rElec   .          Harm     .   (no cloak)
rCorr   .          Rampage  .   (no gloves)
Will    .....                   (no boots)
Stlth   +.........              (no amulet)
HPRegen 0.06/turn               (no ring)
MPRegen 0.07/turn               (no ring)

@: no status effects
A: horns 2, retaliatory headbutt
a: no special abilities


You were on level 1 of the Dungeon.
You visited 1 branch of the dungeon, and saw 1 of its levels.

Inventory:

Hand Weapons
 a - a +0 flail (weapon)
Missiles
 d - 3 throwing nets (quivered)
 e - a javelin
Armour
 b - a +0 leather armour (worn)
 c - a +0 hat (worn)


   Skills:
 - Level 2.4 Fighting
 + Level 3.7 Maces & Flails
 - Level 2.0 Throwing
 - Level 3.2 Dodging


You couldn't memorise any spells.
You didn't know any spells.
Your spell library was empty.

Dungeon Overview and Level Annotations

Branches:
Dungeon (1/15)

Altars:


Innate Abilities, Weirdness & Mutations

You have a pair of horns on your head.
You reflexively headbutt those who attack you in melee.


Message History

There is an open door here.
As you open the door, it creaks loudly!
There is an open door here.
A ball python and a kobold come into view.
The kobold shouts!
A giant cockroach comes into view.
The kobold throws a stone.
The stone closely misses you. The ball python bites you.
The ball python barely misses you.
The kobold throws a stone.
The stone hits you but does no damage.
You hit the ball python.
You kill the ball python!
An endoplasm comes into view.
A frilled lizard comes into view.
The frilled lizard hisses angrily.
The endoplasm quivers.
The giant cockroach bites you.
You barely miss the kobold. The giant cockroach barely misses you.
The kobold hits you with a +0 short sword.
You closely miss the kobold.
The giant cockroach completely misses you.
The kobold hits you with a +0 short sword.
You hit the kobold. Your headbutt misses the kobold.
The kobold is severely wounded.
The giant cockroach bites you. The kobold barely misses you.
The giant cockroach misses you.
You are too injured to fight recklessly!
You are too injured to fight recklessly!
You are too injured to fight recklessly!
You hit the kobold.
You kill the kobold!
The giant cockroach bites you. The endoplasm freezes you.
You are frozen.
* * * LOW HITPOINT WARNING * * *
You sock the giant cockroach!
You kill the giant cockroach!
The frilled lizard bites you but does no damage.
The endoplasm freezes you.
You are frozen.
You die...

#....##### # #........#
# . #####........#####
..## .............#...#
...#####..........'...'
#................#...#
##...........#########
##...l....#####
#....J@...# #.#..)....#
#........# #........#
............
###...........
...........#
...........##


You could see an endoplasm and a frilled lizard.

Vanquished Creatures
  A giant cockroach (D:1)
  A ball python (D:1)
  A kobold (D:1)
3 creatures vanquished.

Notes
Turn   | Place    | Note
-------+----------+-------------------------------------------
     0 | D:1      | nickcage the Minotaur Gladiator began the quest for the
                  | Orb.
     0 | D:1      | Reached XP level 1. HP: 18/18 MP: 0/0
    44 | D:1      | Frozen to death by an endoplasm

Illustrated notes

Levels and vault maps discovered:
D:1:      co_arrival_random_square_maze, layout_rooms

Action                   || total
-------------------------++-------
Melee: Flail             ||     6
Armor: Leather armour    ||     2
Dodge: Dodged            ||     6

Table legend: (Time is in decaauts)
 A = Elapsed time spent in this place.
 B = Non-inter-level travel time spent in this place.
 C = Inter-level travel time spent in this place.
 D = Time resting spent in this place.
 E = Time spent auto-exploring this place.
 F = Levels seen in this place.
 G = Mean time per level.
                   A        B        C        D        E       F      G
               +--------+--------+--------+--------+--------+-----+--------+
         Total |     45 |     45 |      0 |      0 |     32 |   1 |   45.0 |
       Dungeon |     45 |     45 |      0 |      0 |     32 |   1 |   45.0 |
               +--------+--------+--------+--------+--------+-----+--------+

Top non-repeatable levels by time:
     D:1: 45 daAuts
